CAL (WIN)
DAYTONA TORTUGAS @ TAMPA YANKEES
11/27/2044
 
TOP OF THE 1ST
Stockton Ports batting - Pitching for Rancho Cucamonga Quakes : RHP Jeremy Stock
Pitching: RHP Jeremy Stock
Batting: RHB Manny Moron 0-0: Called Strike
0-1: Hit by Pitch
Batting: SHB Quincy Bradford 0-0: Called Strike
0-1: Called Strike
0-2: Ball
1-2: Ball
2-2: Foul Ball, location: 2F
2-2: Strikes out looking
Batting: LHB Chance Stever 0-0: Called Strike
0-1: Ball
1-1: 2-RUN HOME RUN (Flyball, 9LD, EV 88.1 MPH), Distance : 330 ft
Batting: RHB Moses Brokken 0-0: Called Strike
0-1: Ball
1-1: Ball
2-1: Ball
3-1: Base on Balls
Batting: RHB Scott Wiggs 0-0: Called Strike
0-1: Ball
Moses Brokken steals 2nd base (no throw)
1-1: Ball
2-1: Swinging Strike
2-2: Foul Ball, location: 2F
2-2: Foul Ball, location: 2F
2-2: Ball
Passed Ball!
Moses Brokken to third
3-2: Foul Ball, location: 2F
3-2: Strikes out swinging
Batting: SHB D.J. Codd 0-0: Ball
1-0: Ball
2-0: Ball
3-0: Base on Balls
Pitching: RHP Craig Fallon
Batting: RHB Tetsuya Shinoda 0-0: DOUBLE (Line Drive, 8RXD, EV 101.9 MPH)
Moses Brokken scores
D.J. Codd to third
Batting: RHB Matt Sherard 0-0: Called Strike
0-1: Reached on error, E1 (Line Drive, P, EV 66.9 MPH)
D.J. Codd scores
Tetsuya Shinoda to third
Batting: RHB Gabe Gutierrez 0-0: Ball
1-0: Ball
2-0: Swinging Strike
2-1: Called Strike
2-2: Ball
Matt Sherard steals 2nd base
3-2: SINGLE (Line Drive, 78M, EV 93.8 MPH)
Tetsuya Shinoda scores
Matt Sherard to third
Runner from 3rd tries for Home, SAFE, throw by LF to home
Batting: RHB Manny Moron 0-0: Called Strike
0-1: Ball
1-1: DOUBLE (Flyball, 78XD, EV 99.4 MPH)
Gabe Gutierrez to third
Batting: SHB Quincy Bradford 0-0: Ball
Passed Ball!
Gabe Gutierrez scores
Manny Moron to third
1-0: Ball
2-0: Ball
Passed Ball!
Manny Moron scores
3-0: Called Strike
3-1: Fly out, F5 (Popup, 6S, EV 76.9 MPH)
Top of the 1st over - 8 runs, 4 hits, 1 error, 0 left on base; Stockton 8 - Rancho Cucamonga 0
BOTTOM OF THE 1ST
Rancho Cucamonga Quakes batting - Pitching for Stockton Ports : RHP Nick Kirk
Pitching: RHP Nick Kirk
Batting: RHB Steve Perez 0-0: Ball
1-0: SINGLE (Groundball, 6MD, EV 108.8 MPH)
Batting: LHB Antonio Luis 0-0: Ball
1-0: Foul Ball, location: 2F
1-1: Foul Ball, location: 2F
1-2: Foul Ball, location: 2F
1-2: Strikes out swinging
Batting: LHB Jim Chalk 0-0: Foul Ball, location: 2F
0-1: Foul Ball, location: 2F
0-2: Foul Ball, location: 2F
0-2: Foul Ball, location: 2F
0-2: Ball
1-2: Ball
2-2: Ball
3-2: Strikes out swinging
Batting: RHB Jayden Copeland 0-0: Called Strike
0-1: Fly out, F9 (Flyball, 89M, EV 93.8 MPH)
Bottom of the 1st over - 0 runs, 1 hit, 0 errors, 1 left on base; Stockton 8 - Rancho Cucamonga 0
TOP OF THE 2ND
Stockton Ports batting - Pitching for Rancho Cucamonga Quakes : RHP Craig Fallon
Batting: LHB Chance Stever 0-0: Ball
1-0: Ball
2-0: Called Strike
2-1: Ball
3-1: Base on Balls
Batting: RHB Moses Brokken 0-0: Called Strike
0-1: Ball
1-1: 2-RUN HOME RUN (Flyball, 8LXD, EV 115.6 MPH), Distance : 453 ft
Pitching: RHP Yuichi Nozawa
Batting: RHB Scott Wiggs 0-0: Swinging Strike
0-1: Foul Ball, location: 2F
0-2: Ball
1-2: Strikes out looking
Batting: SHB D.J. Codd 0-0: Called Strike
0-1: Ball
1-1: Foul Ball, location: 2F
1-2: Ball
2-2: Ball
3-2: Ground out U3 (Groundball, 3, EV 108.1 MPH)
Batting: RHB Tetsuya Shinoda 0-0: Ball
1-0: Called Strike
1-1: Foul Ball, location: 2F
1-2: Strikes out swinging
Top of the 2nd over - 2 runs, 1 hit, 0 errors, 0 left on base; Stockton 10 - Rancho Cucamonga 0
BOTTOM OF THE 2ND
Rancho Cucamonga Quakes batting - Pitching for Stockton Ports : RHP Nick Kirk
Batting: RHB Mike Sims 0-0: Foul Ball, location: 2F
0-1: Swinging Strike
0-2: Strikes out looking
Batting: LHB Alberto Chavez 0-0: Called Strike
0-1: Foul Ball, location: 2F
0-2: Ball
1-2: Foul Ball, location: 2F
1-2: Ball
2-2: Foul Ball, location: 2F
2-2: Foul Ball, location: 2F
2-2: Ball
3-2: Strikes out swinging
Batting: RHB Ashton Crenshaw 0-0: Called Strike
0-1: Foul Ball, location: 2F
0-2: Fly out, F9 (Flyball, 89M, EV 88.8 MPH)
Bottom of the 2nd over - 0 runs, 0 hits, 0 errors, 0 left on base; Stockton 10 - Rancho Cucamonga 0
TOP OF THE 3RD
Stockton Ports batting - Pitching for Rancho Cucamonga Quakes : RHP Yuichi Nozawa
Batting: RHB Matt Sherard 0-0: Ball
1-0: Ball
2-0: Ball
3-0: Base on Balls
Batting: RHB Gabe Gutierrez 0-0: Ball
1-0: Ball
2-0: Foul Ball, location: 2F
2-1: Grounds into double play, 6-4-3 (Groundball, 6M, EV 80.6 MPH)
Batting: RHB Manny Moron 0-0: Called Strike
0-1: Ball
1-1: SINGLE (Groundball, 4MS, EV 66.9 MPH) (infield hit)
Batting: SHB Quincy Bradford 0-0: Ball
1-0: Ball
Wild Pitch!
Manny Moron to second
2-0: Foul Ball, location: 2F
2-1: Foul Ball, location: 2F
2-2: Foul Ball, location: 2F
2-2: Foul Ball, location: 2F
2-2: Ball
3-2: Base on Balls
Batting: LHB Chance Stever 0-0: Called Strike
0-1: Ground out 6-3 (Groundball, 56D, EV 100.0 MPH)
Top of the 3rd over - 0 runs, 1 hit, 0 errors, 2 left on base; Stockton 10 - Rancho Cucamonga 0
BOTTOM OF THE 3RD
Rancho Cucamonga Quakes batting - Pitching for Stockton Ports : RHP Nick Kirk
Batting: RHB Phil Knox 0-0: Ball
1-0: SOLO HOME RUN (Flyball, 7D, EV 101.9 MPH), Distance : 390 ft
Batting: RHB Santos Guadalupe 0-0: Ball
1-0: Foul Ball, location: 2F
1-1: Ball
2-1: SINGLE (Line Drive, 4M, EV 100.0 MPH)
Batting: RHB Steve Perez 0-0: Ball
1-0: Called Strike
1-1: 2-RUN HOME RUN (Flyball, 7D, EV 98.1 MPH), Distance : 370 ft
Batting: LHB Antonio Luis 0-0: Ball
1-0: SOLO HOME RUN (Flyball, 9LD, EV 91.3 MPH), Distance : 351 ft
Batting: LHB Jim Chalk 0-0: Ball
1-0: SOLO HOME RUN (Flyball, 9LD, EV 95.0 MPH), Distance : 337 ft
Batting: RHB Jayden Copeland 0-0: Called Strike
0-1: Called Strike
0-2: Strikes out looking
Batting: RHB Mike Sims 0-0: Ball
1-0: Ball
2-0: Ball
3-0: Called Strike
3-1: Base on Balls
Batting: LHB Alberto Chavez 0-0: Ball
1-0: Called Strike
1-1: Ball
2-1: Ball
3-1: Swinging Strike
3-2: Base on Balls
Mike Sims to second
Pitching: RHP Aaron Garard
Batting: RHB Ashton Crenshaw 0-0: Ball
1-0: Ball
2-0: Ball
3-0: Base on Balls
Mike Sims to third
Alberto Chavez to second
Batting: RHB Phil Knox 0-0: Called Strike
0-1: Ball
1-1: Foul Ball, location: 2F
1-2: Ball
Wild Pitch!
Mike Sims scores
Alberto Chavez to third
Ashton Crenshaw to second
2-2: Ball
3-2: Strikes out swinging
Batting: RHB Santos Guadalupe 0-0: Ball
1-0: Foul Ball, location: 2F
1-1: Swinging Strike
1-2: Ball
2-2: Strikes out swinging
Bottom of the 3rd over - 6 runs, 5 hits, 0 errors, 2 left on base; Stockton 10 - Rancho Cucamonga 6
TOP OF THE 4TH
Stockton Ports batting - Pitching for Rancho Cucamonga Quakes : RHP Yuichi Nozawa
Batting: RHB Moses Brokken 0-0: Fly out, F8 (Flyball, 78S, EV 90.0 MPH)
Batting: RHB Scott Wiggs 0-0: Swinging Strike
0-1: Called Strike
0-2: Ball
1-2: Fly out, F9 (Flyball, 89M, EV 90.0 MPH)
Pitching: LHP J.P. Blair
Batting: SHB D.J. Codd 0-0: Ball
1-0: Swinging Strike
1-1: DOUBLE (Flyball, 89XD, EV 105.0 MPH)
Batting: RHB Tetsuya Shinoda 0-0: Swinging Strike
0-1: Swinging Strike
Passed Ball!
D.J. Codd to third
0-2: Strikes out swinging
Top of the 4th over - 0 runs, 1 hit, 0 errors, 1 left on base; Stockton 10 - Rancho Cucamonga 6
BOTTOM OF THE 4TH
Rancho Cucamonga Quakes batting - Pitching for Stockton Ports : RHP Aaron Garard
Batting: RHB Steve Perez 0-0: Ball
1-0: Fly out, F7 (Flyball, 7LS, EV 93.8 MPH)
Batting: LHB Antonio Luis 0-0: Called Strike
0-1: Ball
1-1: Ball
2-1: Swinging Strike
2-2: Foul Ball, location: 2F
2-2: SOLO HOME RUN (Flyball, 9LD, EV 93.1 MPH), Distance : 331 ft
Batting: LHB Jim Chalk 0-0: Swinging Strike
0-1: Ball
1-1: Ball
2-1: Ground out 3-1 (Groundball, 34, EV 90.6 MPH)
Batting: RHB Jayden Copeland 0-0: Ball
1-0: Ground out 1-3 (Groundball, P, EV 69.4 MPH)
Bottom of the 4th over - 1 run, 1 hit, 0 errors, 0 left on base; Stockton 10 - Rancho Cucamonga 7
TOP OF THE 5TH
Stockton Ports batting - Pitching for Rancho Cucamonga Quakes : LHP J.P. Blair
Batting: RHB Matt Sherard 0-0: Called Strike
0-1: Ball
1-1: Ground out 5-3 (Groundball, 56S, EV 62.5 MPH)
Batting: RHB Gabe Gutierrez 0-0: Ball
1-0: Called Strike
1-1: Ball
2-1: Ball
3-1: Base on Balls
Batting: RHB Manny Moron 0-0: Ball
Passed Ball!
Gabe Gutierrez to second
1-0: Foul Ball, location: 2F
1-1: Ball
2-1: SINGLE (Flyball, 8RS, EV 96.3 MPH)
Gabe Gutierrez to third
Batting: SHB Quincy Bradford 0-0: Ball
Manny Moron steals 2nd base
1-0: Foul Ball, location: 2F
1-1: Foul Ball, location: 2F
1-2: Ground out 6-3 (Groundball, 6, EV 88.8 MPH)
Batting: LHB Chance Stever 0-0: Called Strike
0-1: Ball
1-1: Foul Ball, location: 2F
1-2: SINGLE (Line Drive, 9LS, EV 104.4 MPH)
Gabe Gutierrez scores
Manny Moron to third
Runner from 3rd tries for Home, SAFE, throw by RF to home
Batting: RHB Moses Brokken 0-0: Ball
1-0: Ball
2-0: Swinging Strike
Passed Ball!
Chance Stever to second
2-1: Swinging Strike
2-2: Strikes out swinging
Top of the 5th over - 2 runs, 2 hits, 0 errors, 1 left on base; Stockton 12 - Rancho Cucamonga 7
BOTTOM OF THE 5TH
Rancho Cucamonga Quakes batting - Pitching for Stockton Ports : RHP Aaron Garard
Batting: RHB Mike Sims 0-0: Called Strike
0-1: Ball
1-1: Ball
2-1: SINGLE (Groundball, 6MD, EV 105.0 MPH)
Batting: LHB Alberto Chavez 0-0: Ball
1-0: Foul Ball, location: 2F
1-1: Ball
2-1: Ball
3-1: Base on Balls
Mike Sims to second
Batting: RHB Ashton Crenshaw 0-0: Ball
1-0: Ball
2-0: Foul Ball, location: 2F
2-1: Grounds into double play, 5-4-3 (Groundball, 56, EV 101.3 MPH)
Mike Sims to third
Batting: RHB Phil Knox 0-0: Ball
1-0: TRIPLE (Flyball, 78XD, EV 111.3 MPH)
Mike Sims scores
Batting: RHB Santos Guadalupe 0-0: Ball
1-0: Foul Ball, location: 2F
1-1: Foul Ball, location: 2F
1-2: Strikes out swinging
Bottom of the 5th over - 1 run, 2 hits, 0 errors, 1 left on base; Stockton 12 - Rancho Cucamonga 8
TOP OF THE 6TH
Stockton Ports batting - Pitching for Rancho Cucamonga Quakes : LHP J.P. Blair
Batting: RHB Scott Wiggs 0-0: Ball
1-0: Foul Ball, location: 2F
1-1: Called Strike
1-2: Ball
2-2: Ball
3-2: Strikes out swinging
Batting: SHB D.J. Codd 0-0: DOUBLE (Line Drive, 7LS, EV 97.5 MPH)
Pitching: RHP George Credle
Batting: RHB Tetsuya Shinoda 0-0: Ball
1-0: Ball
2-0: Foul Ball, location: 2F
2-1: Foul Ball, location: 2F
2-2: Fly out, F8 (Flyball, 8LD, EV 95.0 MPH)
Runner from 2nd tags up, SAFE at 3rd with throw by CF
Batting: RHB Matt Sherard 0-0: Intentional Walk
Batting: RHB Gabe Gutierrez 0-0: Ball
1-0: Called Strike
1-1: TRIPLE (Groundball, 3L, EV 103.8 MPH)
D.J. Codd scores
Matt Sherard scores
Batting: RHB Manny Moron 0-0: Foul Ball, location: 2F
0-1: SINGLE (Flyball, 8RS, EV 94.4 MPH)
Gabe Gutierrez scores
Batting: SHB Quincy Bradford 0-0: Called Strike
Manny Moron steals 2nd base
0-1: Foul Ball, location: 2F
0-2: Strikes out swinging
Top of the 6th over - 3 runs, 3 hits, 0 errors, 1 left on base; Stockton 15 - Rancho Cucamonga 8
BOTTOM OF THE 6TH
Rancho Cucamonga Quakes batting - Pitching for Stockton Ports : RHP Aaron Garard
Batting: RHB Steve Perez 0-0: Ball
1-0: Called Strike
1-1: Ball
2-1: Foul Ball, location: 2F
2-2: Ball
3-2: Foul Ball, location: 2F
3-2: Strikes out swinging
Batting: LHB Antonio Luis 0-0: Called Strike
0-1: Ball
1-1: Ball
2-1: Foul Ball, location: 2F
2-2: Ground out 6-3 (Groundball, 6D, EV 104.4 MPH)
Batting: LHB Jim Chalk 0-0: Foul Ball, location: 2F
0-1: Called Strike
0-2: Ground out 6-3 (Groundball, 6, EV 88.1 MPH)
Bottom of the 6th over - 0 runs, 0 hits, 0 errors, 0 left on base; Stockton 15 - Rancho Cucamonga 8
TOP OF THE 7TH
Stockton Ports batting - Pitching for Rancho Cucamonga Quakes : RHP George Credle
Pinch Hitting: RHB Ricardo Claros 0-0: SINGLE (Flyball, 9LS, EV 90.6 MPH) - OUT at second base trying to stretch hit.
Batting: RHB Moses Brokken 0-0: Called Strike
0-1: Ball
1-1: Ball
2-1: Foul Ball, location: 2F
2-2: Strikes out swinging
Pinch Hitting: SHB Steve Salafia 0-0: SINGLE (Line Drive, 56, EV 110.6 MPH)
Pinch Hitting: RHB Jason Dove 0-0: Ball
1-0: Ball
2-0: Foul Ball, location: 2F
2-1: Ball
3-1: Base on Balls
Steve Salafia to second
Batting: RHB Tetsuya Shinoda 0-0: Fly out, F9 (Flyball, 9LM, EV 87.5 MPH)
Top of the 7th over - 0 runs, 2 hits, 0 errors, 2 left on base; Stockton 15 - Rancho Cucamonga 8
BOTTOM OF THE 7TH
Rancho Cucamonga Quakes batting - Pitching for Stockton Ports : RHP Aaron Garard
Now at 2B: Steve Salafia
Now in LF: Ricardo Claros
Now in RF: Steve Blackshear
Batting: RHB Jayden Copeland 0-0: Foul Ball, location: 2F
0-1: Ball
1-1: Called Strike
1-2: Strikes out looking
Pinch Hitting: RHB Matt Fields 0-0: DOUBLE (Groundball, 3L, EV 105.6 MPH)
Pitching: LHP Marc Wentzell
Batting: LHB Alberto Chavez 0-0: Ball
1-0: Called Strike
1-1: Ball
Wild Pitch!
Matt Fields to third
2-1: Foul Ball, location: 2F
2-2: Ball
3-2: Foul Ball, location: 2F
3-2: Fly out, F7 (Flyball, 78M, EV 92.5 MPH)
Pinch Hitting: RHB Jerry Sanchez 0-0: Ball
Wild Pitch!
Matt Fields scores
1-0: Ball
2-0: Called Strike
2-1: Fly out, F9 (Flyball, 9D, EV 101.9 MPH)
Bottom of the 7th over - 1 run, 1 hit, 0 errors, 0 left on base; Stockton 15 - Rancho Cucamonga 9
TOP OF THE 8TH
Stockton Ports batting - Pitching for Rancho Cucamonga Quakes : RHP George Credle
Now at 3B: Jerry Sanchez
Now in LF: Matt Fields
Batting: RHB Matt Sherard 0-0: Ground out 6-3 (Groundball, 6, EV 86.9 MPH)
Batting: RHB Gabe Gutierrez 0-0: Ball
1-0: Fly out, F6 (Line Drive, 6, EV 68.1 MPH)
Batting: RHB Manny Moron 0-0: Fly out, F8 (Flyball, 8LS, EV 87.5 MPH)
Top of the 8th over - 0 runs, 0 hits, 0 errors, 0 left on base; Stockton 15 - Rancho Cucamonga 9
BOTTOM OF THE 8TH
Rancho Cucamonga Quakes batting - Pitching for Stockton Ports : LHP Marc Wentzell
Batting: RHB Phil Knox 0-0: Ball
1-0: Ground out 5-3 (Groundball, 56, EV 88.1 MPH)
Batting: RHB Santos Guadalupe 0-0: Called Strike
0-1: Ball
1-1: Swinging Strike
1-2: Foul Ball, location: 2F
1-2: Ball
2-2: SINGLE (Groundball, 56D, EV 103.1 MPH)
Batting: RHB Steve Perez 0-0: Foul Ball, location: 2F
0-1: Called Strike
0-2: Ball
1-2: Grounds into double play, 6-4-3 (Groundball, 6, EV 88.1 MPH)
Bottom of the 8th over - 0 runs, 1 hit, 0 errors, 0 left on base; Stockton 15 - Rancho Cucamonga 9
TOP OF THE 9TH
Stockton Ports batting - Pitching for Rancho Cucamonga Quakes : RHP George Credle
Batting: SHB Quincy Bradford 0-0: Ball
1-0: Foul Ball, location: 2F
1-1: Ball
2-1: Foul Ball, location: 2F
2-2: Foul Ball, location: 2F
2-2: Ground out 3-1 (Groundball, 34S, EV 87.5 MPH)
Batting: RHB Ricardo Claros 0-0: Ground out 5-3 (Groundball, 15, EV 83.8 MPH)
Pitching: LHP Bill Esten
Batting: RHB Moses Brokken 0-0: Ball
1-0: Called Strike
1-1: Swinging Strike
1-2: Ball
2-2: Strikes out looking
Top of the 9th over - 0 runs, 0 hits, 0 errors, 0 left on base; Stockton 15 - Rancho Cucamonga 9
BOTTOM OF THE 9TH
Rancho Cucamonga Quakes batting - Pitching for Stockton Ports : LHP Marc Wentzell
Batting: LHB Antonio Luis 0-0: Ball
1-0: Ball
2-0: Foul Ball, location: 2F
2-1: Foul Ball, location: 2F
2-2: Foul Ball, location: 2F
2-2: Foul Ball, location: 2F
2-2: Ball
3-2: Foul Ball, location: 2F
3-2: Ground out 4-3 (Groundball, 34, EV 84.4 MPH)
Batting: LHB Jim Chalk 0-0: Ball
1-0: Ball
2-0: Ball
3-0: Base on Balls
Batting: RHB Jayden Copeland 0-0: Ball
1-0: Called Strike
1-1: Swinging Strike
1-2: Foul Ball, location: 2F
1-2: Ball
2-2: Ball
3-2: SINGLE (Flyball, 9LS, EV 96.3 MPH)
Jim Chalk to second
Batting: RHB Matt Fields 0-0: Ball
1-0: Ball
2-0: Ball
3-0: Swinging Strike
3-1: Called Strike
3-2: Strikes out swinging
Pinch Hitting: RHB Jeremy Beltron 0-0: Swinging Strike
0-1: Ball
1-1: Foul Ball, location: 2F
1-2: Strikes out swinging
Bottom of the 9th over - 0 runs, 1 hit, 0 errors, 2 left on base; Stockton 15 - Rancho Cucamonga 9
Thursday, March 31st , 2022 - OOTP Baseball 22.12 Build 89